 Dungeon Crawl Stone Soup version 0.19.0-2-gae57169 (webtiles) character file.

4339 cedor the Slicer (level 10, -19/61 HPs)
             Began as a High Elf Artificer on Nov 6, 2016.
             Was a Believer of Hepliaklqana.
             Demolished by hairmachine's ghost (29 damage)
             ... on level 9 of the Dungeon.
             The game lasted 00:35:54 (8340 turns).

cedor the Slicer (High Elf Artificer)               Turns: 8340, Time: 00:35:55

Health: -19/61     AC:  5    Str: 11    XL:     10   Next: 12%
Magic:  15/15      EV: 18    Int: 16    God:    Hepliaklqana [**....]
Gold:   532        SH:  0    Dex: 19    Spells: 0 memorised, 9 levels left

rFire  . . .     SeeInvis .     o - +2 flail (holy)
rCold  . . .     Gourm    .     U - +0 steam dragon scales
rNeg   . . .     Faith    .     (no shield)
rPois  .         Spirit   .     (no helmet)
rElec  .         Reflect  .     (no cloak)
rCorr  .         Harm     .     (no gloves)
MR     +++..                    (no boots)
Stlth  +++.......               (no amulet)
                                n - ring of protection from magic
                                r - ring of protection from magic

@: no status effects
A: reduced essence
a: Recall Ancestor, Ancestor Identity, Renounce Religion


You were on level 9 of the Dungeon.
You worshipped Hepliaklqana.
Hepliaklqana was pleased with you.
You were hungry.

You visited 2 branches of the dungeon, and saw 10 of its levels.
You also visited: Ossuary.

You collected 532 gold pieces.


   Skills:
 * Level 5.8 Fighting
 - Level 10.1(10.5) Short Blades
 + Level 4.3(7.8) Long Blades
 + Level 7.6 Dodging
 + Level 5.9 Stealth
 - Level 6.0 Evocations


You had 9 spell levels left.
You didn't know any spells.

Inventory:

Hand Weapons
 a - a +1 dagger of protection
 b - a +0 hunting sling
 e - a +0 long sword
 o - a +2 flail of holy wrath (weapon)
 E - a +0 whip of pain
Missiles
 g - 272 stones (quivered)
 u - 86 sling bullets
 z - 3 throwing nets {=f}
 B - 7 javelins
 F - 7 poisoned needles
Armour
 y - a +1 troll leather armour
 A - a +0 leather armour
 U - +0 steam dragon scales (worn)
Jewellery
 n - a ring of protection from magic (right hand)
 r - a ring of protection from magic (left hand)
 O - an uncursed ring of fire
Wands
 d - a wand of enslavement (13/24)
 l - a wand of acid (4/15)
 J - a wand of polymorph (10/24)
 Q - a wand of lightning (5/15)
Scrolls
 j - 3 scrolls of teleportation {@r4}
 s - a scroll of fog
 t - 6 scrolls of remove curse
 v - 2 scrolls of identify {@r1}
 w - 2 scrolls of magic mapping
 L - a scroll of immolation {!r}
 W - a scroll of blinking
Potions
 c - 3 potions of lignification {!q}
 i - a potion of might {unknown}
 p - 6 potions of curing {@q1}
 q - 3 potions of brilliance
 x - 4 potions of degeneration {unknown}
 C - 7 potions of heal wounds {@q2}
 D - a potion of berserk rage {unknown}
 G - 4 potions of haste {unknown}
 H - 2 potions of agility {unknown}
 I - a potion of magic {unknown}
 K - 2 potions of ambrosia {unknown}
 M - 2 potions of cancellation {unknown}
 N - a potion of mutation {unknown}
 R - a potion of invisibility {unknown}
 S - a potion of cure mutation {unknown}
Comestibles
 f - 9 bread rations
 h - 8 meat rations
 k - 2 slices of pizza
 m - 8 beef jerkies
 P - 3 fruits
 T - a chunk of flesh

Dungeon Overview and Level Annotations

Branches:
Dungeon (9/15)             Temple (1/1) D:5
   Lair: D:8-11         Orc: D:9-12

Altars:
Cheibriados
Elyvilon
Fedhas
Gozag
Hepliaklqana
Kikubaaqudgha
Makhleb
Nemelex Xobeh
Okawaru
Qazlal
Ru
Sif Muna
Vehumet
Xom
Yredelemnul
Zin
The Shining One

Annotations:
D:3 1 runed door
D:9 hairmachine's ghost, novice TrTm

..........▒
...........▒
...........▒
▒.........▒
▒.........▒▒▒▒▒
▒........>.....
▒..............
▒......e.......
▒.....TW.......
▒......R.......
▒..............
▒..............
▒..............
▒..............
▒..............
▒..............


You could see the friendly Sunngifu the knight, a troll and hairmachine's ghost.


Message History

You are feeling hungry.
Sunngifu closely misses hairmachine's ghost.
Hairmachine's ghost completely misses you.
Sunngifu hits hairmachine's ghost with a flail.
You hit hairmachine's ghost.
Hairmachine's ghost convulses.
Hairmachine's ghost is heavily damaged.
Hairmachine's ghost hits you!!
Sunngifu hits hairmachine's ghost with a flail.
Hairmachine's ghost closely misses Sunngifu.
You catch the helpless hairmachine's ghost completely off-guard!
You hit hairmachine's ghost.
Hairmachine's ghost convulses.
Hairmachine's ghost is severely damaged.
Hairmachine's ghost hits you!
* * * LOW HITPOINT WARNING * * *
Sunngifu hits hairmachine's ghost with a flail!
Hairmachine's ghost is no longer covered in acid.
There is a stone staircase leading up here.
You feel much better. Hairmachine's ghost closely misses you.
The troll bites you! The troll completely misses you. The troll claws you.
Sunngifu barely misses hairmachine's ghost.
You hit hairmachine's ghost but do no damage.
Hairmachine's ghost is severely damaged.
Hairmachine's ghost stares at you. Hairmachine's ghost hits you!
* * * LOW HITPOINT WARNING * * *
The troll closely misses you. The troll misses you. The troll claws you!
* * * LOW HITPOINT WARNING * * *
Sunngifu closely misses hairmachine's ghost.
Hairmachine's ghost hits you!!
You die...

Action                   |  1- 3 |  4- 6 |  7- 9 | 10-12 || total
-------------------------+-------+-------+-------+-------++-------
Melee: Short sword       |   141 |   160 |    75 |       ||   376
       Flail             |       |       |    90 |     8 ||    98
       Long sword        |       |       |     6 |       ||     6
       Dagger            |       |       |   146 |    59 ||   205
 Fire: Hunting sling     |       |     1 |       |       ||     1
Throw: Stone             |       |     4 |       |       ||     4
Invok: Recall Ancestor   |       |       |     1 |       ||     1
       Ancestor Life: Kn |       |       |       |     1 ||     1
Evoke: Wand              |    20 |    15 |    17 |     2 ||    54
  Use: Scroll            |       |    10 |     8 |     1 ||    19
       Potion            |       |       |       |     1 ||     1
 Stab: Sleeping          |     5 |     7 |    14 |     3 ||    29
       Distracted        |     1 |       |     5 |     1 ||     7
  Eat: Chunk             |     5 |     7 |    12 |     2 ||    26
Armor: Leather armour    |    27 |    25 |       |       ||    52
       Troll leather arm |       |       |    45 |       ||    45
       Steam dragon scal |       |       |     6 |    14 ||    20
Dodge: Dodged            |    82 |    91 |   163 |    41 ||   377
       Rpst.: Long sword |       |       |     1 |       ||     1

Vault maps used:
D:1:      evilmike_arrival_run_for_it, minmay_misc_feat_ornament,
          item_on_display_a
D:2:      fedhas_altar_2
D:3:      cheibrodos_thug_alley, dk_yredelemnul_ordeal
D:4:      first_bread, eino_small_chamber_without_monster
D:5:      lemuel_round_altar, xom_teletrap_fun, nicolae_ru_the_path_less_chosen
D:6:      nicolae_overflow_crystal_walls, kennysheep_ying_yang,
          nicolae_ossuary_entry_giza, uniq_blork_the_orc, uniq_edmund
D:7:      chequers_temple_overflow_minitemple, basic_altar, grunt_ogre_cave
D:8:      basic_altar
D:9:      david_orc_1_choice, enter_bailey_3, hangedman_decor_clover_reticule
Temple:   nicolae_temple_great_sept
Ossuary:  ossuary_tomb_2

Notes
Turn   | Place    | Note
-------+----------+-------------------------------------------
     0 | D:1      | cedor the High Elf Artificer began the quest for the Orb.
     0 | D:1      | Reached XP level 1. HP: 13/13 MP: 4/4
    90 | D:1      | Reached skill level 2 in Stealth
    90 | D:1      | Reached XP level 2. HP: 3/18 MP: 5/5
   417 | D:1      | Reached skill level 2 in Short Blades
  1471 | D:2      | Reached XP level 3. HP: 23/23 MP: 6/6
  1518 | D:2      | Reached skill level 3 in Short Blades
  1808 | D:2      | Found a blossoming altar of Fedhas.
  2669 | D:3      | Reached XP level 4. HP: 28/28 MP: 7/7
  2917 | D:3      | Noticed a human
  2918 | D:3      | Found a runed door.
  2922 | D:3      | Found a basalt altar of Yredelemnul.
  3042 | D:3      | Reached skill level 3 in Stealth
  3223 | D:3      | Reached skill level 4 in Short Blades
  3527 | D:3      | Noticed a big kobold
  3538 | D:3      | Killed a big kobold
  3538 | D:3      | Reached XP level 5. HP: 29/33 MP: 8/8
  3736 | D:4      | Reached skill level 3 in Dodging
  3789 | D:4      | Noticed an ogre
  3791 | D:4      | Killed an ogre
  3791 | D:4      | Reached skill level 5 in Short Blades
  3791 | D:4      | Reached XP level 6. HP: 36/38 MP: 9/9
  4331 | D:4      | Reached skill level 4 in Stealth
  4376 | D:5      | Entered Level 5 of the Dungeon
  4497 | D:5      | Reached skill level 6 in Short Blades
  4500 | D:5      | Found a shimmering altar of Xom.
  4619 | D:5      | Reached skill level 4 in Dodging
  4619 | D:5      | Reached XP level 7. HP: 43/43 MP: 10/10
  4654 | D:5      | Noticed a troll
  4662 | D:5      | Killed a troll
  4662 | D:5      | Reached skill level 7 in Short Blades
  4662 | D:5      | Reached skill level 5 in Stealth
  4710 | D:5      | Found a deep blue altar of Sif Muna.
  4762 | D:5      | Found a staircase to the Ecumenical Temple.
  4771 | Temple   | Entered the Ecumenical Temple
  4789 | Temple   | Became a worshipper of Hepliaklqana the Forgotten
  4904 | D:5      | Reached skill level 5 in Dodging
  5147 | D:5      | Found a sacrificial altar of Ru.
  5168 | D:6      | Noticed Edmund
  5171 | D:6      | Found a snail-covered altar of Cheibriados.
  5180 | D:6      | Killed Edmund
  5180 | D:6      | Reached skill level 8 in Short Blades
  5180 | D:6      | Reached XP level 8. HP: 31/43 MP: 11/11
  5262 | D:6      | Found a sand-covered staircase.
  5272 | Ossuary  | Entered an ossuary
  5313 | Ossuary  | Reached skill level 2 in Fighting
  5422 | Ossuary  | Reached skill level 9 in Short Blades
  5480 | D:6      | Reached skill level 4 in Evocations
  5586 | D:6      | Reached skill level 3 in Fighting
  5741 | D:6      | Found a basalt altar of Yredelemnul.
  5870 | D:6      | Noticed Blork the orc
  5872 | D:6      | Killed Blork the orc
  5872 | D:6      | Reached skill level 6 in Dodging
  5918 | D:6      | Reached * piety under Hepliaklqana
  6012 | D:6      | Noticed a two-headed ogre
  6017 | D:6      | Killed a two-headed ogre
  6017 | D:6      | Reached skill level 1 in Long Blades
  6017 | D:6      | Reached XP level 9. HP: 51/51 MP: 13/13
  6052 | D:6      | Found a white marble altar of Elyvilon.
  6220 | D:7      | Reached skill level 2 in Long Blades
  6404 | D:7      | Reached skill level 5 in Evocations
  6527 | D:7      | Reached skill level 4 in Fighting
  6588 | D:7      | Reached skill level 10 in Short Blades
  6588 | D:7      | Reached skill level 7 in Dodging
  6615 | D:7      | Found an ancient bone altar of Kikubaaqudgha.
  6702 | D:7      | Found a faded altar of an unknown god.
  6702 | D:7      | Found a faded altar of an unknown god.
  6707 | D:7      | Found a sparkling altar of Nemelex Xobeh.
  6709 | D:7      | Found a faded altar of an unknown god.
  6711 | D:7      | Found a faded altar of an unknown god.
  7256 | D:8      | Reached skill level 3 in Long Blades
  7328 | D:8      | Reached skill level 6 in Evocations
  7403 | D:8      | Reached skill level 5 in Fighting
  7407 | D:8      | Reached ** piety under Hepliaklqana
  7533 | D:8      | Reached skill level 4 in Long Blades
  7538 | D:8      | Reached XP level 10. HP: 53/59 MP: 15/15
  7678 | D:8      | Remembered your ancestor Sunngifu as a knight
  7762 | D:8      | Found a sparkling altar of Nemelex Xobeh.
  8330 | D:9      | Noticed hairmachine's ghost (novice TrTm)
  8340 | D:9      | Demolished by hairmachine's ghost

Vanquished Creatures
  A centaur zombie (D:7)
  A troll (D:5)
  A two-headed ogre (D:6)
  A yak (D:8)
  A steam dragon (D:7)
  Edmund (D:6)
  2 water moccasins
  An ice beast (D:5)
  A phantom (D:8)
  6 ogres
  A centaur (D:6)
  A crocodile (D:7)
  A big kobold (D:3)
  Blork the orc (D:6)
  3 bullfrogs
  5 water moccasin zombies (Ossuary)
  2 scorpions
  A water moccasin skeleton (D:8)
  7 howler monkeys
  A gnoll shaman (D:5)
  An iguana (D:5)
  2 worker ants
  A big kobold zombie (Ossuary)
  A mummy (Ossuary)
  A worker ant zombie (D:6)
  8 gnolls
  4 adders
  A shadow imp (D:5)
  2 oozes (D:3)
  5 adder zombies (Ossuary)
  3 worms
  A dart slug (D:2)
  3 orcs
  7 bats
  5 giant cockroaches
  5 gnoll zombies (Ossuary)
  6 goblins
  7 hobgoblins
  6 jackals
  12 kobolds
  5 quokkas
  2 ball pythons
  4 frilled lizards
  A goblin skeleton (D:3)
  7 hobgoblin zombies
  A jackal skeleton (D:5)
  A jackal zombie (D:7)
  6 kobold zombies
  A leopard gecko skeleton (D:8)
  2 orc zombies (Ossuary)
  6 rats
156 creatures vanquished.

Vanquished Creatures (collateral kills)
  2 hungry ghosts (D:8)
  3 bullfrogs
  A gnoll sergeant (D:8)
  A howler monkey (D:8)
  A quasit (D:8)
  A bullfrog zombie (D:8)
  An orc priest (D:6)
  An iguana (D:6)
  2 mummies
  3 gnolls (D:8)
  An adder (D:7)
  2 adder zombies (Ossuary)
  2 orcs (D:6)
  A frilled lizard (D:5)
  3 hobgoblin zombies (Ossuary)
  A leopard gecko skeleton (D:6)
  An orc zombie (Ossuary)
27 creatures vanquished.

Vanquished Creatures (others)
  A gnoll (D:4)
  An ancestor (D:5)
2 creatures vanquished.

Grand Total: 185 creatures vanquished
